 Dungeon Crawl Stone Soup version 0.31-a0-521-gc7390f8997 (webtiles) character file.

Game seed: 13706313163321164552

65686 Pooter the Severer (level 14, -20/199 HPs)
             Began as a Minotaur Fighter on Aug 10, 2023.
             Was an Elder of Trog.
             Demolished by Rupert
             ... wielding a +2 triple sword of distortion
              (35 damage)
             ... on level 5 of the Lair of Beasts.
             The game lasted 01:44:43 (20200 turns).

Pooter the Severer (Minotaur Fighter)              Turns: 20200, Time: 01:44:44

Health: -20/199    AC: 17    Str: 39    XL:     14   Next: 76%
Magic:  13/13      EV:  9    Int:  5    God:    Trog [****..]
Gold:   1327       SH: 10    Dex: 12    Spells: 13/13 levels left

rFire   + . .        a - +3 war axe (heavy)
rCold   . . .        U - +1 buckler {reflect}
rNeg    . . .        O - +4 chain mail {rF+}
rPois   +            K - +2 hat
rElec   .            g - scarf {+Inv}
rCorr   .            k - +0 pair of gloves
SInv    .            e - +0 pair of boots
Will    +++..        I - amulet "Esulebb" {Reflect rPois Str+3 SH+5} Stlth
                     M - +6 ring of strength
HPRegen 1.00/turn    o - +6 ring of strength
MPRegen 0.13/turn

%: reflection
@: berserking (expiring), about to teleport, strong-willed, sick, regenerating,
very quick
A: horns 2, retaliatory headbutt
a: Renounce Religion, Evoke Invisibility, Berserk, Trog's Hand, Brothers in Arms


You were on level 5 of the Lair of Beasts.
You worshipped Trog.
Trog was greatly pleased with you.
You visited 3 branches of the dungeon, and saw 16 of its levels.
You visited the Abyss 1 time.
You also visited: Sewer and Volcano.

You collected 1327 gold pieces.

Inventory:

Hand Weapons
 a - a +3 heavy war axe (weapon)
 b - a +1 sling of freezing
   (You found it on level 3 of the Dungeon)
 C - a +0 heavy trident
   (You took it off a gnoll sergeant on level 6 of the Dungeon)
 H - a +1 heavy flail
   (You took it off an orc on level 5 of the Dungeon)
 Y - the +11 flail of Duereh Bate {pain, rElec rN+ Str-3 Int+2 Dex+6}
   (You found it on level 3 of the Lair of Beasts)

   Str-3:     It affects your strength (-3).
   Int+2:     It affects your intelligence (+2).
   Dex+6:     It affects your dexterity (+6).
   rElec:     It insulates you from electricity.
   rN+:       It protects you from negative energy.
Missiles
 j - 3 datura-tipped darts
 p - 2 javelins
 A - 40 poisoned darts
 B - 3 curare-tipped darts
 E - 9 boomerangs (quivered)
 J - 2 silver javelins
 X - 4 throwing nets {!f}
Armour
 e - a +0 pair of boots (worn)
   (You found it on level 1 of the Dungeon)
 g - a scarf of invisibility (worn)
   (You found it on level 2 of the Dungeon)
 k - a +0 pair of gloves (worn)
   (You found it on level 3 of the Dungeon)
 K - a +2 hat (worn)
   (You found it in a volcano)
 N - a +0 plate armour
   (You took it off an orc warrior on level 9 of the Dungeon)
 O - a +4 chain mail of fire resistance (worn)
   (You found it in a volcano)
 U - a +1 buckler of reflection (worn)
   (You acquired it on level 2 of the Lair of Beasts)
Jewellery
 o - a +6 ring of strength (right hand)
   (You found it on level 8 of the Dungeon)
 q - a +5 ring of evasion
   (You found it on level 10 of the Dungeon)
 s - a ring of fire
   (You found it on level 2 of the Dungeon)
 x - a +6 ring of intelligence
   (You found it on level 4 of the Dungeon)
 G - an amulet of guardian spirit
   (You found it on level 7 of the Dungeon)
 I - the amulet "Esulebb" (around neck) {Reflect rPois Str+3 SH+5}
   (You found it on level 7 of the Dungeon)

   [amulet of reflection]

   Reflect:   It reflects blocked missile attacks.
   Str+3:     It affects your strength (+3).
   rPois:     It protects you from poison SH+5: It affects your SH (+5).
 M - a +6 ring of strength (left hand)
   (You found it on level 5 of the Dungeon)
 P - a ring of poison resistance
   (You found it on level 5 of the Lair of Beasts)
 W - a ring of ice
   (You took it off Fannar on level 2 of the Lair of Beasts)
Wands
 c - a wand of mindburst (9)
   (You found it on level 2 of the Lair of Beasts)
 d - a wand of iceblast (5)
   (You found it on level 4 of the Lair of Beasts)
 f - a wand of flame (21)
   (You found it on level 9 of the Dungeon)
 u - a wand of paralysis (18)
   (You found it on level 7 of the Dungeon)
 v - a wand of polymorph (5)
   (You found it on level 4 of the Dungeon)
 z - a wand of quicksilver (10)
   (You found it on level 6 of the Dungeon)
 D - a wand of digging (8)
   (You found it on level 5 of the Lair of Beasts)
Scrolls
 i - 3 scrolls of identify {@r1}
 m - a scroll of silence
 n - 5 scrolls of poison {!r}
 y - 5 scrolls of vulnerability {!r}
 Q - 3 scrolls of noise {!r}
 R - a scroll of immolation {!r}
 T - 2 scrolls of brand weapon
 V - 2 scrolls of revelation
 Z - a scroll of fog
Potions
 h - 10 potions of curing {@q1}
 l - 5 potions of attraction {!q}
 r - 3 potions of heal wounds {@q2}
 w - 3 potions of invisibility
 F - a potion of cancellation
 L - 4 potions of enlightenment
 S - 2 potions of mutation {!q}


   Skills:
 + Level 14.6 Fighting
 * Level 19.7 Axes
 * Level 17.8 Ranged Weapons
 - Level 3.6 Armour
 - Level 2.1 Stealth
 - Level 3.6 Shields


You had 13 spell levels left.
You didn't know any spells.
Your spell library contained the following spells:

 Spells                   Type           Power      Damage    Failure   Level
 Kiss of Death            Conj/Necr      0%         2d5       88%         1
 Sandblast                Erth           0%         2d4       88%         1
 Cigotuvi's Dreadful Rot  Necr/Pois/Air  0%         N/A       95%         2
 Passwall                 Tmut/Erth      0%         N/A       95%         2
 Confusing Touch          Hex            0%         N/A       99%         3
 Dazzling Flash           Conj/Hex       0%         N/A       99%         3
 Ignite Poison            Fire/Tmut/Pois 0%         N/A       99%         3
 Inner Flame              Hex/Fire       0%         N/A       99%         3
 Stone Arrow              Conj/Erth      0%         3d7       99%         3
 Dispel Undead            Necr           0%         3d6       100%        4
 Sticky Flame             Conj/Fire      0%         2d3       100%        4
 Agony                    Necr           0%         N/A       100%        5
 Freezing Cloud           Conj/Ice/Air   0%         6-21      100%        5
 Silence                  Hex/Air        0%         N/A       100%        5
 Yara's Violent Unravell  Hex/Tmut       0%         3d3       100%        5
 Enfeeble                 Hex            0%         N/A       100%        7
 Ignition                 Fire           0%         3d3       100%        8


Dungeon Overview and Level Annotations

Branches:
Dungeon (10/15) Zot: 25967  Temple (1/1) D:5 Zot: 5840    Lair (5/5) D:9 Zot: 20590
  Swamp (0/4) Lair:3       Spider (0/4) Lair:3        Slime (0/5) Lair:4
  Sewer (visited)         Volcano (visited)
    Orc: D:9-12

Altars:
Ashenzari
Cheibriados
Dithmenos
Elyvilon
Fedhas
Gozag
Hepliaklqana
Kikubaaqudgha
Makhleb
Nemelex Xobeh
Okawaru
Qazlal
Ru
Sif Muna
Trog
Uskayaw
Vehumet
Wu Jian
Xom
Yredelemnul
Zin
The Shining One
Jiyva

Shops:
D:1 :   D:10 :

Annotations:
D:8 3 runed translucent doors, hashsling's ghost, novice TeAE
D:10 3 runed translucent doors, exclusion: obsidian statue, Loveship's ghost, journeyman FoFi
Lair:5 Rupert


Innate Abilities, Weirdness & Mutations

You have a pair of horns on your head.
You reflexively headbutt those who attack you in melee.


Message History

* * * LOW HITPOINT WARNING * * *
You shrug off the repeated paralysis!
The starcursed mass closely misses you. You furiously retaliate!
You headbutt the starcursed mass!
The starcursed mass shudders and is absorbed by its neighbour.
You slice the starcursed mass!!
You destroy the starcursed mass!
Trog accepts your kill.
The substance of the Abyss twists violently, and a gateway leading out appears!
A freezing wraith comes into view.
You hit the starcursed mass. You headbutt the starcursed mass.
You destroy the starcursed mass!
Trog accepts your kill.
You slice the starcursed mass!!
You destroy the starcursed mass!
Trog accepts your kill.
The starcursed mass touches you but does no damage.
You slice the starcursed mass!!
You destroy the starcursed mass!
Trog accepts your kill.
You slash the starcursed mass!
You destroy the starcursed mass!
Trog accepts your kill.
You carve the starcursed mass like a ham!!!
You feel the power of Trog in you as your rage grows.
You destroy the starcursed mass!
Trog accepts your kill.
You slice the freezing wraith!!
You headbutt the freezing wraith, but do no damage.
You barely miss the freezing wraith. The freezing wraith closely misses you.
The freezing wraith hits you but does no damage.
The freezing wraith hits you but does no damage.
The freezing wraith misses you.
There is a gateway leading out of the Abyss here.
You feel a strong urge to attack something.
You pass through the gate.
Welcome back to the Lair of Beasts!
Level annotation: Rupert Rupert roars madly and goes into a rage!
Rupert goes berserk!
You slice Rupert like a ripe choko!!! You hit the freezing wraith.
The freezing wraith hits you.
* * * LOW HITPOINT WARNING * * *
The freezing wraith freezes you!
* * * LOW HITPOINT WARNING * * *
The freezing wraith hits you.
* * * LOW HITPOINT WARNING * * *
Rupert completely misses you.
You completely miss Rupert. You headbutt Rupert! You slash the freezing wraith!
Rupert hits you with a +2 triple sword of distortion!!
You die...

#.# #.....###...## #....# #
#.# #....## ##...####...##
#.# ###..### ###...##....#
#.# ##...## ###......##
####.## ###..## ##...##..#
#...@.# ##...# ##..#######
#...#..## #...## #..## ###
#.# ##..# ##...###.## ###.##
# ##..##
##W@@.....####....##
#.Y..####..###.....##......#
##Y§...##..##
###...#......##
##..8§8.....# ##.....##..#
#.§8.P..8.### ###.###...#
#§....8.(..## #######...###
.......(8....# #..###...## #
....###....#### ##......##
## #P.# ###### ###......###.


You could see Rupert (berserk) and a freezing wraith.

Vanquished Creatures
  2 tentacled starspawn (Abyss:3)
  Nessos (Lair:4)
  2 hydras (Lair:5)
  Fannar (Lair:2)
  A catoblepas (Lair:5)
  2 boulder beetles
  A dancing weapon (Volcano)
  17 death yaks
  A two-headed ogre (D:10)
  A thrashing horror (Abyss:3)
  3 large abominations (Abyss:3)
  Nergalle (Lair:3)
  4 skysharks
  Amaemon (Lair:3)
  A glowing orange brain (Abyss:3)
  3 wizards (Volcano)
  A flayed ghost (Abyss:3)
  An oklob plant (Lair:2)
  2 manticores (Lair:5)
  A will-o-the-wisp (Abyss:3)
  13 elephants
  5 toenail golems (Volcano)
  Joseph (D:10)
  A smoke demon (Abyss:3)
  2 black mambas
  An orange demon (Lair:3)
  11 cane toads
  A torpor snail (Lair:4)
  4 rime drakes
  7 komodo dragons
  An ice devil (Abyss:3)
  An ancient zyme (Abyss:3)
  A polar bear (Lair:2)
  A hornet (D:9)
  A raiju (Abyss:3)
  9 blink frogs
  2 jumping spiders (Lair:3)
  10 dream sheep
  6 flying skulls (Abyss:3)
  A culicivora (Lair:3)
  A slime creature (Lair:3)
  A vampire (D:10)
  A wraith (D:9)
  A ynoxinul (Abyss:3)
  5 wyverns
  3 basilisks
  57 yaks
  A redback (Lair:3)
  3 steam dragons
  4 vampire mosquitoes (Lair:3)
  16 water moccasins
  4 orc warriors
  A meliai simulacrum (D:10)
  2 sky beasts
  2 black bears
  An ice beast (D:6)
  An ogre (D:5)
  22 wolves
  2 centaurs
  A phantom (D:4)
  8 kobold brigands (Sewer)
  11 bullfrogs
  2 gnoll sergeants
  4 scorpions
  5 wights (D:7)
  3 killer bees (D:10)
  A howler monkey (D:5)
  3 electric eels (Lair:3)
  5 hounds
  5 orc priests
  2 gnoll boudas
  3 jellies
  3 sleepcaps
  11 starcursed masses (Abyss:3)
  6 iguanas
  7 hell rats (Lair:3)
  3 orc wizards
  20 gnolls
  5 adders
  2 river rats (Sewer)
  2 shadow imps
  4 white imps
  An ufetubus (D:4)
  4 worms
  11 dart slugs
  24 orcs
  8 endoplasms
  A giant cockroach (D:1)
  8 goblins
  2 hobgoblins
  7 jackals
  4 quokkas
  5 ball pythons
  A bat (D:3)
  2 frilled lizards
  14 kobolds
  12 rats
  4 starspawn tentacles (Abyss:3)
478 creatures vanquished.

Vanquished Creatures (others)
  2 wizards (Volcano)
  A kobold (Sewer)
  A quokka (D:3)
  2 foxfires (Abyss:3)
  5 starspawn tentacles (Abyss:3)
11 creatures vanquished.

Grand Total: 489 creatures vanquished

Notes
Turn   | Place    | Note
-------+----------+-------------------------------------------
     0 | D:1      | Pooter the Minotaur Fighter began the quest for the Orb.
     0 | D:1      | Reached XP level 1. HP: 19/19 MP: 0/0
   255 | D:1      | Reached XP level 2. HP: 27/27 MP: 1/1
   333 | D:1      | Found Wiyweg's Book Shoppe.
   887 | D:2      | Reached skill level 3 in Axes
   928 | D:2      | Reached skill level 1 in Stealth
  1084 | D:2      | Reached XP level 3. HP: 30/33 MP: 2/2
  1804 | D:3      | Reached XP level 4. HP: 12/40 MP: 3/3
  2116 | D:3      | Reached skill level 4 in Axes
  2309 | D:3      | Identified the +11 flail of Xookeff {pain, *Noise Fly rElec
                  | Int+8}
  2427 | D:4      | Reached skill level 1 in Ranged Weapons
  2434 | D:4      | Reached XP level 5. HP: 45/47 MP: 4/4
  2440 | D:4      | Noticed a phantom
  2446 | D:4      | Killed a phantom
  2447 | D:4      | Reached skill level 5 in Axes
  2494 | D:4      | Reached XP level 6. HP: 55/55 MP: 5/5
  2578 | D:4      | Found a broken altar of Ashenzari.
  2645 | D:4      | Reached skill level 5 in Fighting
  3267 | D:5      | Entered Level 5 of the Dungeon
  3267 | D:5      | Found a bloodstained altar of Trog.
  3344 | D:5      | Found a sacrificial altar of Ru.
  3368 | D:5      | Reached skill level 6 in Axes
  3373 | D:5      | Reached XP level 7. HP: 30/61 MP: 6/6
  3524 | D:5      | Found a hazy altar of Hepliaklqana.
  3539 | D:5      | Found a shimmering blue altar of Sif Muna.
  3647 | D:5      | Found a snail-covered altar of Cheibriados.
  3711 | D:5      | Found a burning altar of Makhleb.
  3810 | D:5      | Found a glowing drain.
  3818 | Sewer    | Entered a sewer
  4052 | Sewer    | Reached skill level 7 in Axes
  4052 | Sewer    | Reached skill level 5 in Ranged Weapons
  4089 | Sewer    | Reached XP level 8. HP: 57/70 MP: 7/7
  4435 | Sewer    | Reached skill level 8 in Axes
  5066 | D:5      | Found a staircase to the Ecumenical Temple.
  5074 | Temple   | Entered the Ecumenical Temple
  5252 | D:5      | Became a worshipper of Trog the Wrathful
  5320 | D:5      | Found a sparkling altar of Nemelex Xobeh.
  5699 | D:6      | Reached skill level 9 in Axes
  6071 | D:6      | Reached XP level 9. HP: 79/79 MP: 8/8
  6202 | D:7      | Identified the amulet "Esulebb" {Reflect rPois Str+3 SH+5}
  6558 | D:7      | Reached * piety under Trog
  6595 | D:7      | Reached skill level 10 in Axes
  6919 | D:8      | Found a shadowy altar of Dithmenos.
  7306 | D:8      | Noticed hashsling's ghost (novice TeAE)
  7307 | D:8      | Found a runed translucent gate.
  7308 | D:8      | Found a runed translucent gate.
  7309 | D:8      | Found a runed translucent gate.
  8029 | D:9      | Reached skill level 11 in Axes
  8110 | D:9      | Found a staircase to the Lair.
  8241 | D:9      | Reached XP level 10. HP: 90/90 MP: 9/9
  8599 | D:9      | Found a basalt altar of Yredelemnul.
  8697 | D:9      | Paralysed by a hornet for 3 turns
  9014 | D:9      | Reached skill level 10 in Ranged Weapons
  9015 | D:9      | Reached ** piety under Trog
  9019 | D:9      | Reached skill level 12 in Axes
  9121 | D:10     | Entered Level 10 of the Dungeon
  9122 | D:10     | Found a blossoming altar of Fedhas.
  9190 | D:10     | Found an iron altar of Okawaru.
  9430 | D:10     | Noticed a two-headed ogre
  9438 | D:10     | Killed a two-headed ogre
  9510 | D:10     | Noticed Joseph
  9521 | D:10     | Killed Joseph
  9589 | D:10     | Found a glowing golden altar of the Shining One.
  9863 | D:10     | Found a runed translucent gate.
  9865 | D:10     | Found a runed translucent gate.
  9867 | D:10     | Found a runed translucent gate.
  9868 | D:10     | Found an opulent altar of Gozag.
  9868 | D:10     | Noticed an obsidian statue
  9869 | D:10     | Noticed Loveship's ghost (journeyman FoFi)
  9870 | D:10     | Noticed a green ugly thing
  9891 | D:10     | Found Daeng's Book Boutique.
 10136 | Lair:1   | Entered Level 1 of the Lair of Beasts
 10202 | Lair:1   | Noticed a cane toad
 10209 | Lair:1   | Killed a cane toad
 10213 | Lair:1   | Found a dark tunnel.
 10222 | Volcano  | Entered a volcano
 10229 | Volcano  | Noticed a wizard
 10234 | Volcano  | Killed a wizard
 10235 | Volcano  | Reached skill level 13 in Axes
 10235 | Volcano  | Reached XP level 11. HP: 91/99 MP: 10/10
 10248 | Volcano  | Noticed a wizard
 10253 | Volcano  | Killed a wizard
 10254 | Volcano  | Reached skill level 10 in Fighting
 10287 | Volcano  | Noticed a wizard
 10292 | Volcano  | Noticed a wizard
 10300 | Volcano  | Killed a wizard
 10311 | Volcano  | Killed a wizard
 10424 | Volcano  | Noticed a +0 mace of flaming
 10432 | Volcano  | Killed a +0 mace of flaming
 10700 | Volcano  | Noticed a wizard
 10705 | Volcano  | Killed a wizard
 10706 | Volcano  | Reached skill level 14 in Axes
 11222 | Lair:1   | Reached XP level 12. HP: 110/110 MP: 11/11
 11226 | Lair:1   | Reached skill level 15 in Axes
 12286 | Lair:2   | Reached *** piety under Trog
 12448 | Lair:2   | Identified a scroll of acquirement
 12448 | Lair:2   | Acquired a +1 buckler of reflection
 12644 | Lair:2   | Noticed Fannar
 12650 | Lair:2   | Killed Fannar
 12864 | Lair:2   | Found a bloodstained altar of Trog.
 13005 | Lair:2   | Reached skill level 16 in Axes
 13351 | Lair:3   | Noticed a boulder beetle
 13360 | Lair:3   | Killed a boulder beetle
 13489 | Lair:3   | Noticed Amaemon
 13758 | Lair:3   | Noticed Nergalle
 13773 | Lair:3   | Killed Nergalle
 13776 | Lair:3   | Identified the +11 flail of Duereh Bate {pain, rElec rN+
                  | Str-3 Int+2 Dex+6}
 14346 | Lair:3   | Found a staircase to the Swamp.
 14358 | Lair:3   | Reached XP level 13. HP: 114/119 MP: 12/12
 14396 | Lair:3   | Killed Amaemon
 14444 | Lair:3   | Reached skill level 15 in Ranged Weapons
 14859 | Lair:3   | Found a hole to the Spider Nest.
 15198 | Lair:3   | Reached skill level 17 in Axes
 15445 | Lair:4   | Reached **** piety under Trog
 15481 | Lair:4   | Found a viscous altar of Jiyva.
 15489 | Lair:4   | Found a staircase to the Slime Pits.
 15536 | Lair:4   | Noticed Nessos
 15990 | Lair:4   | Killed Nessos
 16434 | Lair:4   | Reached skill level 18 in Axes
 16839 | Lair:5   | Entered Level 5 of the Lair of Beasts
 17963 | Lair:5   | Reached XP level 14. HP: 94/130 MP: 13/13
 18993 | Lair:5   | Reached skill level 19 in Axes
 19341 | Lair:5   | Noticed Rupert
 19957 | Abyss:3  | Cast into level 3 of the Abyss (Rupert)
 20036 | Abyss:3  | Noticed a balrug
 20036 | Abyss:3  | Noticed a bone dragon
 20101 | Abyss:3  | Noticed a tentacled starspawn
 20111 | Abyss:3  | Killed a tentacled starspawn
 20113 | Abyss:3  | Noticed a tentacled starspawn
 20125 | Abyss:3  | Killed a tentacled starspawn
 20157 | Abyss:3  | Found a corrupted altar of Lugonu.
 20171 | Abyss:3  | Paralysed by accursed screaming for 1 turns
 20186 | Abyss:3  | Paralysed by accursed screaming for 1 turns
 20198 | Lair:5   | Escaped the Abyss
 20200 | Lair:5   | Demolished by Rupert

Illustrated notes

Levels and vault maps discovered:
D:1:      dpeg_arrival_rooms_c, layout_basic, serial_shops,
          nicolae_book_shop_shelving, minmay_gold_behind_fungi
D:2:      layout_basic, nrook_loot_triangle, grunt_decor_one_mirror
D:3:      kennysheep_slugbush, layout_loops_ring
D:4:      layout_basic, cheibrodos_ashenzari_chains
D:5:      layout_gridville, trog_three_pillars_becter, lemuel_doored_altar,
          mainiacjoe_overflow_brackets, nemelex_diamond_rough_becter,
          mainiacjoe_overflow_chevrons, nicolae_overflow_crystal_walls,
          mainiacjoe_overflow_alcove_4, minmay_temple_entry_water_ring,
          cheibrodos_sewer_entry_bend
D:6:      layout_gridville
D:7:      layout_basic
D:8:      layout_cave_pools, mainiacjoe_overflow_small_starburst,
          biasface_ghost_orc_armoury, amcnicky_mini_pool_small
D:9:      layout_gridville, mainiacjoe_overflow_six_doors_small,
          david_lair_generic
D:10:     layout_big_octagon, mainiacjoe_overflow_alcove_2,
          fedhas_bush_and_centaur_altar, kennysheep_little_box, serial_shops,
          nicolae_shop_trees, ebering_ghost_gozag, dk_noncrumbling_4,
          nzn_life_drinkers, uniq_joseph
Temple:   grunt_temple_mini_profane
Lair:1:   layout_gridlike, nicolae_volcano_entry_hallway
Lair:2:   layout_chaotic_city, lemuel_oklob_altar, uniq_fannar
Lair:3:   layout_regular_city, minmay_swamp_entry_swarm,
          spider_nest_entry_funnel_web, grunt_megastairs_3,
          infiniplex_staircase_pool_2, serial_bayou_shore_a, uniq_nergalle,
          uniq_amaemon
Lair:4:   layout_regular_city, minmay_slime_entry_pillars, uniq_nessos
Lair:5:   evilmike_catoblepas_cave, layout_cave_pods, uniq_rupert

Skill      XL: |  1  2  3  4  5  6  7  8  9 10 11 12 13 14 |
---------------+-------------------------------------------+-----
Axes           | 3 4 5 6 7 9 11 13 14 16 18 19 | 19.7
Stealth        | 1 2 |  2.1
Fighting       | 4 5 6 7 8 9 11 12 13 14 | 14.6
Ranged Weapons | 1 2 3 5 7 9 11 13 14 16 17 | 17.8
Armour         | |  3.6
Shields        | |  3.6

Action                     |  1- 3 |  4- 6 |  7- 9 | 10-12 | 13-15 || total
---------------------------+-------+-------+-------+-------+-------++-------
  Melee: War axe           |    99 |    32 |   194 |   270 |   323 ||   918
         Headbutt          |     6 |    13 |    35 |    53 |    73 ||   180
         Flail             |       |    56 |    24 |       |     3 ||    83
   Fire: Sling             |       |     8 |    66 |    72 |    64 ||   210
  Throw: Stone             |    17 |       |       |       |       ||    17
         Boomerang         |       |       |    24 |    21 |    27 ||    72
         Dart              |       |       |       |       |    25 ||    25
         Javelin           |       |       |       |       |     4 ||     4
 Invoke: Trog's Hand       |       |       |       |    16 |    14 ||    30
         Berserk           |       |       |       |     9 |     6 ||    15
  Evoke: Wand              |       |       |     1 |     3 |    13 ||    17
    Use: Scroll            |     6 |     4 |     7 |    15 |     5 ||    37
         Potion            |       |       |     1 |       |     5 ||     6
   Stab: Paralysed         |       |       |       |     3 |     2 ||     5
         Petrified         |       |       |       |       |     1 ||     1
 Armour: Scale mail        |    15 |       |       |       |       ||    15
         Chain mail        |    48 |    43 |   105 |    88 |   151 ||   435
         Plate armour      |       |       |       |    56 |       ||    56
  Dodge: Dodged            |    58 |    45 |    79 |   107 |   122 ||   411
  Block: Buckler           |    22 |    12 |    77 |   155 |   167 ||   433
         Reflection        |       |       |     3 |     6 |     3 ||    12

Table legend: (Time is in decaauts)
 A = Elapsed time spent in this place.
 B = Non-inter-level travel time spent in this place.
 C = Inter-level travel time spent in this place.
 D = Time resting spent in this place.
 E = Time spent auto-exploring this place.
 F = Levels seen in this place.
 G = Mean time per level.
                   A        B        C        D        E       F      G
               +--------+--------+--------+--------+--------+-----+--------+
         Total |  20741 |  20235 |    506 |   6067 |  10061 |  19 | 1091.6 |
       Dungeon |   8956 |   8568 |    388 |   1580 |   5160 |  10 |  895.6 |
        Temple |    159 |    135 |     24 |      0 |      0 |   1 |  159.0 |
          Lair |   9407 |   9314 |     93 |   3825 |   3997 |   5 | 1881.4 |
         Abyss |    252 |    252 |      0 |     82 |      0 |   1 |  252.0 |
         Sewer |   1370 |   1370 |      0 |    313 |    770 |   1 | 1370.0 |
       Volcano |    594 |    594 |      0 |    265 |    133 |   1 |  594.0 |
               +--------+--------+--------+--------+--------+-----+--------+

Top non-repeatable levels by time:
  Lair:5: 3143 daAuts
  Lair:3: 1998 daAuts
  Lair:2: 1663 daAuts
  Lair:4: 1453 daAuts
     D:9: 1432 daAuts
   Sewer: 1370 daAuts
  Lair:1: 1148 daAuts
    D:10: 1006 daAuts
     D:8: 933 daAuts
     D:4: 928 daAuts
     D:3: 902 daAuts
     D:5: 878 daAuts
     D:2: 768 daAuts
     D:1: 742 daAuts
     D:6: 722 daAuts
